[Event "Titled Tuesday Blitz August 22 Late 2023"]
[White "Papayan, Oleg"]
[Black "Naroditsky, Daniel"]
[WhiteFideId "4193911"]
[BlackFideId "2026961"]
[WhiteElo "2613"]
[BlackElo "3158"]
[Result "0-1"]
[Round "4"]
[TimeControl "180+1"]
[Date "2023.08.22"]
[WhiteClock "0:00:00"]
[BlackClock "0:01:05"]
[Board "33"]

1. e4 c5 2. Nf3 d6 3. d4 cxd4 4. Qxd4 Nf6 5. Nc3 Nc6 6. Bb5 e5 7. Qd3 h6 8. O-O Be7 9. a3 O-O 10. Bc4 Be6 11. Rd1 Rc8 12. Bd5 a6 13. Be3 b5 14. h3 Na5 15. Nd2 Bxd5 16. Nxd5 Nxd5 17. Qxd5 Rxc2 18. a4 Rxb2 19. Rdb1 Rxb1+ 20. Rxb1 Qa8 21. axb5 Qxd5 22. exd5 axb5 23. Rxb5 Ra8 24. Rb4 Bd8 25. g4 Rc8 26. Ne4 Nc4 27. Rb7 Bh4 28. Rd7 Rd8 0-1


[Site "https://www.chess.com"]

[Event "Titled Tuesday Blitz August 22 Late 2023"]
[White "Deac, Bogdan-Daniel"]
[Black "Ribeiro, Matheus Mendes Domingues"]
[WhiteFideId "1226380"]
[BlackFideId "324226923"]
[WhiteElo "3045"]
[BlackElo "2595"]
[Result "1-0"]
[Round "4"]
[TimeControl "180+1"]
[Date "2023.08.22"]
[WhiteClock "0:01:53"]
[BlackClock "0:00:47"]
[Board "34"]

1. b3 d5 2. Bb2 e6 3. e3 Nf6 4. c4 c5 5. cxd5 exd5 6. Nf3 Nc6 7. Bb5 Bd6 8. O-O O-O 9. Bxc6 bxc6 10. h3 Qe7 11. d4 cxd4 12. Qxd4 Bd7 13. Rc1 Qe4 14. Nbd2 Qxd4 15. Bxd4 a5 16. Bc5 Bxc5 17. Rxc5 a4 18. b4 a3 19. Ne5 Rfb8 20. Rb1 Ra4 21. Nxc6 Bxc6 22. Rxc6 g6 23. Rxf6 Raxb4 24. Rxb4 Rxb4 25. Nb3 Rc4 26. Ra6 1-0


[Site "https://www.chess.com"]

[Event "Titled Tuesday Blitz August 22 Late 2023"]
[White "Postlmayer, Jakob"]
[Black "Bortnyk, Olexandr"]
[WhiteFideId "1643622"]
[BlackFideId "14120828"]
[WhiteElo "2592"]
[BlackElo "3029"]
[Result "0-1"]
[Round "4"]
[TimeControl "180+1"]
[Date "2023.08.22"]
[WhiteClock "0:00:00"]
[BlackClock "0:00:39"]
[Board "35"]

1. e4 Nf6 2. e5 Nd5 3. d4 d6 4. c4 Nb6 5. exd6 exd6 6. Nc3 Be7 7. Bd3 O-O 8. Nge2 c6 9. h3 Na6 10. b3 d5 11. c5 Nd7 12. O-O Nc7 13. Nf4 g6 14. Be3 Bf6 15. Qd2 Nxc5 16. dxc5 d4 17. Ne4 dxe3 18. Nxf6+ Qxf6 19. Qxe3 Re8 20. Qg3 Ne6 21. Nxe6 Bxe6 22. Rac1 Rad8 23. Rfd1 h5 24. Bf1 Bd5 25. Qc3 Qg5 26. Qd2 Qf6 27. Qc3 Re5 28. Re1 Rde8 29. Rxe5 Qxe5 30. Qxe5 Rxe5 31. f3 h4 32. Kf2 g5 33. Bc4 a5 34. a3 Kg7 35. Bxd5 Rxd5 36. Ke3 f5 37. Rc4 f4+ 38. Ke2 Kf6 39. b4 axb4 40. Rxb4 Rd7 41. Re4 Kf5 42. a4 Rd5 43. Rb4 Rd7 44. Re4 Kf6 45. Kf1 Rd1+ 46. Kf2 Rb1 47. Rd4 Ke5 48. Rd7 Rb2+ 49. Kf1 Rb4 50. Rg7 Kf6 51. Rc7 Rxa4 52. Rxb7 Rc4 53. Rb6 Rxc5 54. Ke2 Rc2+ 55. Kf1 Ke5 56. Rb8 Rc5 57. Rg8 Kd4 58. Ke2 Kc3 59. Rc8 Re5+ 60. Kf2 c5 61. Rc7 c4 62. Rc8 Kd3 63. Rd8+ Kc2 64. Kf1 c3 65. Kg1 Rc5 66. Ra8 Kd2 67. Rd8+ Kc1 68. Kf2 c2 69. Ke2 Kb2 70. Rb8+ Kc3 0-1


[Site "https://www.chess.com"]

[Event "Titled Tuesday Blitz August 22 Late 2023"]
[White "Leenhouts, Koen"]
[Black "Hakobyan, Aram"]
[WhiteFideId "1008439"]
[BlackFideId "13306677"]
[WhiteElo "2589"]
[BlackElo "3002"]
[Result "1-0"]
[Round "4"]
[TimeControl "180+1"]
[Date "2023.08.22"]
[WhiteClock "0:00:14"]
[BlackClock "0:00:13"]
[Board "36"]

1. d4 d5 2. c4 e6 3. Nc3 c5 4. cxd5 cxd4 5. Qxd4 Nc6 6. Qd1 exd5 7. e3 Nf6 8. Nf3 Bd6 9. Be2 O-O 10. O-O Bg4 11. b3 Qe7 12. Bb2 Rad8 13. Nb5 Bc5 14. Nbd4 Rfe8 15. Rc1 Ne4 16. h3 Bh5 17. Nf5 Qd7 18. Nxg7 Bg6 19. Nxe8 Rxe8 20. Bb5 Bb6 21. Ne5 Qf5 22. Ng4 Qe6 23. Bxc6 bxc6 24. Ne5 c5 25. Nxg6 hxg6 26. Qg4 Qe7 27. Rfd1 c4 28. Rxd5 Nxf2 29. Rh5 c3 30. Bxc3 f6 31. Qxg6+ Qg7 32. Qxe8+ Qf8 33. Rh8+ 1-0


[Site "https://www.chess.com"]

[Event "Titled Tuesday Blitz August 22 Late 2023"]
[White "Andreikin, Dmitry"]
[Black "Dobrikov, Marco"]
[WhiteFideId "4158814"]
[BlackFideId "12950378"]
[WhiteElo "2981"]
[BlackElo "2588"]
[Result "1-0"]
[Round "4"]
[TimeControl "180+1"]
[Date "2023.08.22"]
[WhiteClock "0:00:44"]
[BlackClock "0:00:57"]
[Board "37"]

1. c4 c5 2. Nf3 Nc6 3. Nc3 Nf6 4. e3 e6 5. d4 cxd4 6. exd4 d5 7. cxd5 Nxd5 8. Bc4 Nxc3 9. bxc3 Be7 10. O-O O-O 11. Re1 b6 12. h4 Bb7 13. Ng5 Bxg5 14. Bxg5 Qd7 15. Qh5 Na5 16. Bf6 gxf6 17. Bd3 f5 18. Qg5+ Kh8 19. Qf6+ Kg8 20. Re3 Rfc8 21. h5 Kf8 22. Bxf5 Qd8 23. Qh6+ Ke7 24. Bxe6 fxe6 25. Qxe6+ Kf8 26. Rg3 Bd5 27. Rg8# 1-0


[Site "https://www.chess.com"]

[Event "Titled Tuesday Blitz August 22 Late 2023"]
[White "Santos Latasa, Jaime"]
[Black "Martinez Reyes, Pedro Ramon"]
[WhiteFideId "2293307"]
[BlackFideId "3901807"]
[WhiteElo "2968"]
[BlackElo "2588"]
[Result "1/2-1/2"]
[Round "4"]
[TimeControl "180+1"]
[Date "2023.08.22"]
[WhiteClock "0:00:43"]
[BlackClock "0:00:03"]
[Board "38"]

1. Nf3 Nf6 2. c4 e6 3. Nc3 d5 4. e3 Be7 5. b3 O-O 6. Bb2 b6 7. cxd5 Nxd5 8. Nxd5 Qxd5 9. Qc2 Bb7 10. Qxc7 Bd6 11. Qc3 f6 12. Bc4 Qe4 13. Qd4 Qxd4 14. Nxd4 Bxg2 15. Rg1 Bd5 16. Nxe6 Bxc4 17. Rxg7+ Kh8 18. bxc4 Re8 19. Nc7 Rf8 20. Ne6 Re8 21. Bxf6 Rxe6 22. Rg6+ Rxf6 23. Rxf6 Be5 24. Rf8+ Kg7 25. Rxb8 Rxb8 26. d4 Bxh2 27. Ke2 Bd6 28. a4 h5 29. f4 h4 30. Kf3 Rc8 31. Rc1 Ba3 32. Rc2 Kf6 33. e4 Rg8 34. f5 Rg1 35. Rf2 Rg3+ 36. Ke2 h3 37. e5+ Kg5 38. f6 Rg2 39. Rxg2+ hxg2 40. Kf2 Kg6 41. Kxg2 Bb2 42. Kf3 Bxd4 43. Ke4 Bb2 44. Kd5 Kf7 45. Kd6 Ba3+ 46. Kc6 Ke6 47. Kb7 Bc5 48. Kc6 a5 49. Kb5 Kxe5 50. f7 Kd4 51. f8=Q Bxf8 52. Kxb6 Bb4 53. Kb5 Ke5 54. c5 Ke6 55. c6 Bd6 56. Kxa5 Bc7+ 57. Ka6 Kd6 58. Kb5 Kd5 59. a5 Bxa5 60. Kxa5 Kxc6 1/2-1/2


[Site "https://www.chess.com"]

[Event "Titled Tuesday Blitz August 22 Late 2023"]
[White "Rosen, Eric"]
[Black "Harikrishna, Pentala"]
[WhiteFideId "2032562"]
[BlackFideId "5007003"]
[WhiteElo "2585"]
[BlackElo "2958"]
[Result "0-1"]
[Round "4"]
[TimeControl "180+1"]
[Date "2023.08.22"]
[WhiteClock "0:00:01"]
[BlackClock "0:00:07"]
[Board "39"]

1. d4 Nf6 2. Bf4 d5 3. e3 Bf5 4. c4 e6 5. a3 c6 6. Nc3 Bd6 7. Bg3 O-O 8. Nf3 h6 9. Bd3 dxc4 10. Bxc4 Bxg3 11. hxg3 Nbd7 12. O-O c5 13. Ba2 Bg4 14. Rc1 Rc8 15. d5 exd5 16. Nxd5 Ne5 17. e4 c4 18. Qe2 Bxf3 19. gxf3 Nxd5 20. exd5 Qxd5 21. Rc3 b5 22. Bb1 Rcd8 23. Re3 Nc6 24. Be4 Nd4 25. Bxd5 Nxe2+ 26. Rxe2 Rxd5 27. a4 b4 28. Rc1 Rc8 29. Re4 Rdc5 30. Kf1 a5 31. f4 g6 32. Ke2 Kg7 33. Ke3 h5 34. Re5 Rxe5+ 35. fxe5 g5 36. Ke4 c3 37. bxc3 Rxc3 38. Rh1 Kg6 39. f4 Rc4+ 40. Kd5 Rc2 41. Rf1 b3 42. f5+ Kg7 43. Rb1 b2 44. e6 Kf6 45. exf7 Kxf7 46. Ke5 Re2+ 47. Kd4 Kf6 48. Kd3 Rg2 49. Kc4 h4 50. gxh4 gxh4 51. Kb3 h3 52. Ka2 h2 53. Rh1 Rg1 54. Rxh2 b1=Q+ 55. Ka3 Rg3# 0-1


[Site "https://www.chess.com"]

[Event "Titled Tuesday Blitz August 22 Late 2023"]
[White "Badelka, Olga"]
[Black "Holt, Conrad"]
[WhiteFideId "13509926"]
[BlackFideId "2034387"]
[WhiteElo "2581"]
[BlackElo "2927"]
[Result "0-1"]
[Round "4"]
[TimeControl "180+1"]
[Date "2023.08.22"]
[WhiteClock "0:00:00"]
[BlackClock "0:00:08"]
[Board "40"]

1. Nf3 d5 2. g3 Bg4 3. Bg2 Nd7 4. d4 e6 5. c4 c6 6. O-O Ngf6 7. b3 Bd6 8. Bb2 Qb8 9. Nc3 h6 10. h3 Bf5 11. Nd2 O-O 12. e4 dxe4 13. Ndxe4 Be7 14. Re1 Rd8 15. Qe2 Qc7 16. Rad1 Nxe4 17. Nxe4 Bb4 18. Rf1 Be7 19. d5 cxd5 20. cxd5 exd5 21. Rxd5 Be6 22. Rdd1 Qa5 23. Bc3 Qa3 24. Rd4 Nb6 25. Rxd8+ Rxd8 26. Ba1 a5 27. f4 Bd5 28. f5 Bf8 29. f6 g6 30. h4 Qb4 31. h5 g5 32. Bc3 Qa3 33. Bd4 Nd7 34. Nc3 Qb4 35. Nxd5 Qxd4+ 36. Kh1 Qe5 37. Qf3 Qd6 38. g4 Ne5 39. Qe4 Re8 40. Qf5 Qe6 41. Qxe6 Rxe6 0-1


[Site "https://www.chess.com"]

[Event "Titled Tuesday Blitz August 22 Late 2023"]
[White "Erzhanov, Arman"]
[Black "Sargsyan, Shant"]
[WhiteFideId "4138821"]
[BlackFideId "13306766"]
[WhiteElo "2581"]
[BlackElo "2921"]
[Result "1/2-1/2"]
[Round "4"]
[TimeControl "180+1"]
[Date "2023.08.22"]
[WhiteClock "0:00:18"]
[BlackClock "0:00:04"]
[Board "41"]

1. e4 c6 2. d4 d5 3. exd5 cxd5 4. Bd3 Nf6 5. h3 Nc6 6. c3 e5 7. dxe5 Nxe5 8. Nf3 Nxd3+ 9. Qxd3 Bd6 10. O-O O-O 11. Bg5 h6 12. Bh4 g5 13. Bg3 Bxg3 14. fxg3 Ne4 15. Nd4 Qb6 16. Nd2 f5 17. Nxe4 dxe4 18. Qc4+ Rf7 19. g4 f4 20. Rae1 Qg6 21. g3 f3 22. Qd5 Bd7 23. Rxe4 Bc6 24. Nxc6 bxc6 25. Qc4 Kg7 26. Qe6 Qxe6 27. Rxe6 Rd8 28. Rf2 Rd1+ 29. Kh2 Rd3 30. h4 c5 31. Re5 c4 32. hxg5 hxg5 33. Rxg5+ Kh6 34. Rf5 Rxf5 35. gxf5 Kg5 36. f6 Kxf6 37. g4 Ke5 38. Kg3 Ke4 39. g5 a5 40. Rh2 Ke3 41. Rf2 Ke4 42. g6 a4 43. Rh2 Ke3 44. Rh7 Rd1 45. Re7+ Kd3 46. Kxf3 Rf1+ 47. Kg2 Rf6 48. g7 Rg6+ 49. Kf3 Kc2 50. Rb7 a3 51. bxa3 Kxc3 52. Kf4 Kd2 53. Kf5 Rg1 54. Kf6 c3 55. Rc7 c2 56. Kf7 Rf1+ 57. Ke8 Rg1 58. Kf8 Rf1+ 59. Ke7 Rg1 60. Kf6 Rf1+ 61. Ke7 Rg1 62. Kf8 Rf1+ 63. Ke8 Re1+ 64. Kf8 Rf1+ 1/2-1/2


[Site "https://www.chess.com"]

[Event "Titled Tuesday Blitz August 22 Late 2023"]
[White "Makarian, Rudik"]
[Black "Dragomirescu, Robin-Alexandru"]
[WhiteFideId "44105681"]
[BlackFideId "1213849"]
[WhiteElo "2917"]
[BlackElo "2577"]
[Result "1-0"]
[Round "4"]
[TimeControl "180+1"]
[Date "2023.08.22"]
[WhiteClock "0:01:31"]
[BlackClock "0:00:20"]
[Board "42"]

1. d4 Nf6 2. c4 e6 3. Nf3 b6 4. g3 Ba6 5. b3 Bb4+ 6. Bd2 Be7 7. Bg2 d5 8. O-O O-O 9. Nc3 Nbd7 10. Bf4 Bb7 11. cxd5 exd5 12. Rc1 c6 13. h4 Re8 14. Qc2 Bf8 15. Rfd1 h6 16. e3 Nh5 17. Bh3 Nxf4 18. exf4 Ba3 19. Rb1 a5 20. Re1 Rxe1+ 21. Rxe1 Nf6 22. Ne5 Bb4 23. Re3 c5 24. Nb5 a4 25. bxa4 c4 26. Bg2 Bf8 27. g4 Ne8 28. g5 Nd6 29. gxh6 Nxb5 30. h7+ 1-0


[Site "https://www.chess.com"]

[Event "Titled Tuesday Blitz August 22 Late 2023"]
[White "Dominguez Perez, Leinier"]
[Black "Santos Flores, Alberto"]
[WhiteFideId "3503240"]
[BlackFideId "3601234"]
[WhiteElo "2909"]
[BlackElo "2578"]
[Result "1-0"]
[Round "4"]
[TimeControl "180+1"]
[Date "2023.08.22"]
[WhiteClock "0:00:21"]
[BlackClock "0:00:02"]
[Board "43"]

1. e4 e6 2. d4 d5 3. Nc3 Nf6 4. e5 Nfd7 5. Nce2 c5 6. c3 Nc6 7. Nf3 cxd4 8. cxd4 f6 9. Nf4 fxe5 10. Nxe6 Qb6 11. Be2 Bb4+ 12. Bd2 Bxd2+ 13. Qxd2 Nxd4 14. Nfxd4 exd4 15. Nxg7+ Kf7 16. Nf5 Nf6 17. Nxd4 Bd7 18. O-O Rhg8 19. Bf3 Qd6 20. Rfe1 Rg7 21. Re2 Kg8 22. Rae1 Kh8 23. g3 Rf8 24. a3 Ng4 25. Bxg4 Bxg4 26. Ne6 Bxe6 27. Rxe6 Qc5 28. b4 Qc4 29. Re8 Rxe8 30. Rxe8+ Rg8 31. Re7 Rg7 32. Qh6 Qc3 33. Qxg7+ Qxg7 34. Rxg7 Kxg7 35. f4 Kf6 36. g4 h5 37. gxh5 Kf5 38. Kf2 d4 39. Ke2 1-0


[Site "https://www.chess.com"]

[Event "Titled Tuesday Blitz August 22 Late 2023"]
[White "Kochiev, Ivan"]
[Black "Ibarra Jerez, Jose Carlos"]
[WhiteFideId "2917890"]
[BlackFideId "2226332"]
[WhiteElo "2574"]
[BlackElo "2899"]
[Result "0-1"]
[Round "4"]
[TimeControl "180+1"]
[Date "2023.08.22"]
[WhiteClock "0:00:00"]
[BlackClock "0:00:17"]
[Board "44"]

1. e4 c5 2. Nf3 Nc6 3. d4 cxd4 4. Nxd4 e5 5. Nb5 d6 6. c4 g6 7. N1c3 a6 8. Na3 Bg7 9. Nc2 Nf6 10. Be2 O-O 11. Be3 Be6 12. O-O Rc8 13. Qd2 Na5 14. b3 b5 15. Rfd1 bxc4 16. b4 Nb7 17. a4 a5 18. f3 axb4 19. Nxb4 Qa5 20. Rab1 Rfd8 21. Nc2 Nc5 22. Rb5 Qa8 23. Nb4 Nb3 24. Qb2 Rb8 25. Qa3 Nd4 26. Bxd4 exd4 27. Rxd4 Nxe4 28. Rxe4 Bxc3 29. Qxc3 Qxa4 30. Rxb8 Rxb8 31. Nc2 Rb3 32. Qf6 Rb1+ 33. Kf2 Qxc2 34. Rxe6 fxe6 35. Qxe6+ Kf8 36. Qxd6+ Ke8 37. Qc6+ Kd8 38. Qa8+ Kc7 39. Qa7+ Kc6 40. Qa6+ Kc5 41. Qa5+ Kd4 42. Qd8+ Kc3 43. Qh8+ Kb3 44. Qb8+ Ka2 45. Qa7+ Kb2 46. Qg7+ c3 47. Qb7+ Kc1 48. Qxh7 Rb2 49. Qh6+ Qd2 0-1


[Site "https://www.chess.com"]

[Event "Titled Tuesday Blitz August 22 Late 2023"]
[White "Sjugirov, Sanan"]
[Black "Chor, Kevin"]
[WhiteFideId "4189302"]
[BlackFideId "2090740"]
[WhiteElo "2879"]
[BlackElo "2575"]
[Result "1-0"]
[Round "4"]
[TimeControl "180+1"]
[Date "2023.08.22"]
[WhiteClock "0:01:13"]
[BlackClock "0:00:30"]
[Board "45"]

1. c4 Nf6 2. Nf3 g6 3. Nc3 Bg7 4. e4 d6 5. d4 O-O 6. Be2 e5 7. d5 Na6 8. Bg5 Qe8 9. Nd2 h6 10. Be3 c6 11. a3 Nh7 12. b4 f5 13. f3 Nf6 14. O-O f4 15. Bf2 g5 16. c5 dxc5 17. bxc5 h5 18. Nc4 g4 19. Nd6 Qg6 20. dxc6 g3 21. cxb7 gxf2+ 22. Rxf2 Bxb7 23. Nxb7 Rac8 24. Bxa6 1-0


[Site "https://www.chess.com"]

[Event "Titled Tuesday Blitz August 22 Late 2023"]
[White "Siniauski, Artsiom"]
[Black "Cordova, Emilio"]
[WhiteFideId "13512269"]
[BlackFideId "3801497"]
[WhiteElo "2568"]
[BlackElo "2864"]
[Result "0-1"]
[Round "4"]
[TimeControl "180+1"]
[Date "2023.08.22"]
[WhiteClock "0:00:53"]
[BlackClock "0:02:02"]
[Board "46"]

1. e4 c5 2. Nf3 Nc6 3. Bb5 e6 4. Bxc6 bxc6 5. d3 Qc7 6. e5 f6 7. Qe2 fxe5 8. Nxe5 Nf6 9. Bg5 Be7 10. Nd2 O-O 11. h4 d6 12. Nec4 e5 13. f3 Nd5 14. O-O-O Nf4 15. Qf2 Rb8 16. Bxe7 Qxe7 17. h5 d5 18. Ne3 c4 19. dxc4 Qb4 20. b3 d4 21. Ng4 Bxg4 22. Qe1 Bf5 23. Qxe5 Nd3+ 24. cxd3 Qc3+ 25. Kb1 Bxd3# 0-1


[Site "https://www.chess.com"]

[Event "Titled Tuesday Blitz August 22 Late 2023"]
[White "Willy, Stephen"]
[Black "Zierk, Steven"]
[WhiteFideId "30981468"]
[BlackFideId "2034255"]
[WhiteElo "2567"]
[BlackElo "2854"]
[Result "0-1"]
[Round "4"]
[TimeControl "180+1"]
[Date "2023.08.22"]
[WhiteClock "0:01:03"]
[BlackClock "0:01:59"]
[Board "47"]

1. e4 e6 2. d4 d5 3. Nc3 Bb4 4. e5 c5 5. Bd2 Ne7 6. Nb5 Bxd2+ 7. Qxd2 O-O 8. Nf3 a6 9. Nd6 cxd4 10. Nxd4 Nbc6 11. Nf3 Nxe5 12. Nxe5 Qxd6 13. Nf3 e5 14. O-O-O Bg4 15. Be2 Rac8 16. Nxe5 Bf5 17. Nd3 Nc6 18. Kb1 Nd4 19. c3 Nxe2 20. Qxe2 d4 21. g4 dxc3 22. bxc3 Rfe8 23. Qd2 Be4 24. Rhg1 Qa3 25. Qb2 Qxc3 0-1


[Site "https://www.chess.com"]

[Event "Titled Tuesday Blitz August 22 Late 2023"]
[White "Przybylski, Wojciech"]
[Black "Bartel, Mateusz"]
[WhiteFideId "1117599"]
[BlackFideId "1112635"]
[WhiteElo "2566"]
[BlackElo "2849"]
[Result "1-0"]
[Round "4"]
[TimeControl "180+1"]
[Date "2023.08.22"]
[WhiteClock "0:00:20"]
[BlackClock "0:00:00"]
[Board "48"]

1. d4 Nf6 2. g3 d5 3. Bg2 b5 4. Nf3 e6 5. O-O Bb7 6. a4 b4 7. Nbd2 Be7 8. Nb3 a5 9. Ne5 Nbd7 10. Nd3 O-O 11. Bf4 Ne4 12. f3 Nef6 13. Re1 Qc8 14. Be3 Ne8 15. Rc1 Nd6 16. Ndc5 Nc4 17. Bf2 Nxb2 18. Qd2 Nc4 19. Qf4 Nxc5 20. Nxc5 Bxc5 21. dxc5 e5 22. Qh4 Qd8 23. Qh5 f6 24. Bh3 Qe8 25. Qh4 Bc8 26. Bg2 Qxa4 27. e4 d4 28. Bf1 Be6 29. f4 Qc6 30. f5 Bf7 31. g4 a4 32. g5 a3 33. g6 hxg6 34. fxg6 Bxg6 35. Bxc4+ Bf7 36. Bd3 a2 37. Kh1 Be6 38. Rg1 Rf7 39. Ra1 Qxc5 40. Be1 b3 41. cxb3 Bxb3 42. Bd2 Bc4 43. Rgc1 1-0


[Site "https://www.chess.com"]

[Event "Titled Tuesday Blitz August 22 Late 2023"]
[White "Lenderman, Aleksandr"]
[Black "Souleidis, Georgios"]
[WhiteFideId "2021285"]
[BlackFideId "4206827"]
[WhiteElo "2844"]
[BlackElo "2565"]
[Result "1-0"]
[Round "4"]
[TimeControl "180+1"]
[Date "2023.08.22"]
[WhiteClock "0:02:00"]
[BlackClock "0:00:00"]
[Board "49"]

1. Nf3 Nf6 2. b3 d5 3. Bb2 Bf5 4. Nh4 Bc8 5. e3 g6 6. c4 c6 7. cxd5 cxd5 8. Bb5+ Nc6 9. Nf3 Bg7 10. Ne5 Qb6 11. Bxc6+ bxc6 12. O-O O-O 13. Nc3 Ba6 14. d3 c5 15. Rc1 Rac8 16. Na4 Qd6 17. Nf3 Bb5 18. Be5 Qa6 19. Nxc5 Rxc5 20. Rxc5 Bxd3 21. Re1 Be4 22. Qe2 Bd3 23. Qb2 Rd8 24. Nd4 1-0


[Site "https://www.chess.com"]

[Event "Titled Tuesday Blitz August 22 Late 2023"]
[White "Boor, Carl"]
[Black "Klukin, Kirill"]
[WhiteFideId "2017008"]
[BlackFideId "24199273"]
[WhiteElo "2563"]
[BlackElo "2823"]
[Result "0-1"]
[Round "4"]
[TimeControl "180+1"]
[Date "2023.08.22"]
[WhiteClock "0:00:04"]
[BlackClock "0:00:14"]
[Board "50"]

1. d4 Nf6 2. c4 Nc6 3. Nf3 e6 4. a3 d6 5. g3 g6 6. Bg2 Bg7 7. O-O O-O 8. Nc3 e5 9. h3 Bf5 10. d5 Ne7 11. Nd2 c6 12. e4 Bd7 13. dxc6 bxc6 14. Re1 Be6 15. Qe2 Qd7 16. Kh2 Rfd8 17. Nf1 Rab8 18. Ne3 c5 19. Ned5 Nc6 20. Bg5 Nd4 21. Qd3 Bxd5 22. Nxd5 Qe6 23. b4 a6 24. Rab1 Rdc8 25. Be3 Nxd5 26. exd5 Qd7 27. bxc5 dxc5 28. Bxd4 exd4 29. h4 Qd6 30. Bh3 Rd8 31. Rxb8 Rxb8 32. Qe2 Bf6 33. Qf3 Bxh4 34. Re4 Bg5 35. Rg4 h6 36. Re4 Kg7 37. Kg2 Bf6 38. Rf4 Rb2 39. Qd3 Bg5 40. Rf3 Qe5 41. Qd1 h5 42. Qa4 Qd6 43. Qd1 Rb7 44. Rd3 Re7 45. Qf3 Bf6 46. Rd2 Qe5 47. Rb2 h4 48. Rb6 hxg3 49. Qxg3 Qxg3+ 50. Kxg3 Be5+ 51. Kf3 Re8 52. d6 Rd8 53. d7 Bf6 54. Rb7 Be7 55. Ke4 a5 56. Kd3 f5 57. f3 Kf6 58. Rb6+ Kf7 59. Rb7 Ke6 60. f4 Rxd7 61. Rxd7 Kxd7 62. Bg2 Ke6 63. Bd5+ Kf6 64. Bc6 Bd6 65. Ke2 Bxf4 66. Kf3 Bc1 67. a4 g5 68. Bd7 Ke5 69. Ke2 g4 70. Bc6 Be3 71. Kd3 Kf4 72. Bd7 Kg5 73. Bc8 f4 74. Bb7 f3 75. Bc6 Kh4 76. Bd7 Kg3 77. Bc6 Kf2 78. Bd7 g3 0-1


[Site "https://www.chess.com"]

[Event "Titled Tuesday Blitz August 22 Late 2023"]
[White "Yanchenko, Roman"]
[Black "Auger_Pi"]
[WhiteFideId "4137329"]
[WhiteElo "2821"]
[BlackElo "2562"]
[Result "0-1"]
[Round "4"]
[TimeControl "180+1"]
[Date "2023.08.22"]
[WhiteClock "0:00:06"]
[BlackClock "0:00:50"]
[Board "51"]

1. d4 d5 2. Nf3 Nf6 3. Bf4 Nc6 4. e3 Bg4 5. Nbd2 e6 6. c4 a6 7. Qb3 Rb8 8. Rc1 Bd6 9. Ne5 Bxe5 10. dxe5 Nh5 11. cxd5 exd5 12. Qa4 Nxf4 13. Qxf4 Be6 14. Bxa6 bxa6 15. Rxc6 Rxb2 16. Qd4 Rxa2 17. O-O O-O 18. Rfc1 a5 19. Nb3 Qb8 20. Qc3 a4 21. Nd4 Qb2 22. Qxb2 Rxb2 23. Ra6 c5 24. Nc6 c4 25. Rxa4 h6 26. Nd4 Rfb8 27. f4 g6 28. Ra6 R8b6 29. Rxb6 Rxb6 30. Kf2 Kf8 31. h3 Ke7 32. Ke2 Rb2+ 33. Rc2 Rxc2+ 34. Nxc2 Bf5 35. Nd4 Be4 36. g4 Bg2 37. h4 Bh3 38. g5 hxg5 39. fxg5 Kd7 40. Kd2 Kc7 41. Kc3 Kb6 42. e4 Kc5 43. e6 fxe6 44. h5 e5 45. h6 exd4+ 46. Kd2 c3+ 47. Kc1 d3 48. h7 d2+ 49. Kc2 Bg4 50. h8=Q d1=Q+ 51. Kxc3 Qa1+ 52. Kd3 Qxh8 53. exd5 Qd4+ 54. Kc2 Kxd5 0-1


[Site "https://www.chess.com"]

[Event "Titled Tuesday Blitz August 22 Late 2023"]
[White "brm72"]
[Black "Hambleton, Aman"]
[BlackFideId "2606577"]
[WhiteElo "2562"]
[BlackElo "2797"]
[Result "0-1"]
[Round "4"]
[TimeControl "180+1"]
[Date "2023.08.22"]
[WhiteClock "0:00:08"]
[BlackClock "0:01:29"]
[Board "52"]

1. d4 e5 2. dxe5 Nc6 3. Nf3 Qe7 4. Bf4 Qb4+ 5. Bd2 Qxb2 6. Nc3 Bb4 7. Rb1 Qxc3 8. Bxc3 Bxc3+ 9. Nd2 Nxe5 10. e3 Nf6 11. Bd3 O-O 12. O-O d5 13. h3 b6 14. Nf3 Nxf3+ 15. Qxf3 Be5 16. c4 Be6 17. Rfc1 Bd6 18. a4 a5 19. cxd5 Bxd5 20. e4 Bb7 21. Qf5 Rae8 22. Re1 Re5 23. Qf3 Rfe8 24. Re2 Nxe4 25. Rbe1 Nc5 26. Rxe5 Rxe5 27. Qd1 Nxd3 28. Rxe5 Nxe5 29. f4 Nd7 30. g3 Bc6 0-1


[Site "https://www.chess.com"]

[Event "Titled Tuesday Blitz August 22 Late 2023"]
[White "Ilkhomi, Jaloliddin"]
[Black "Beerdsen, Thomas"]
[WhiteFideId "14700948"]
[BlackFideId "1030108"]
[WhiteElo "2559"]
[BlackElo "2796"]
[Result "1-0"]
[Round "4"]
[TimeControl "180+1"]
[Date "2023.08.22"]
[WhiteClock "0:00:40"]
[BlackClock "0:01:24"]
[Board "53"]

1. Nf3 g5 2. Nxg5 e5 3. d4 h6 4. Nf3 exd4 5. Qxd4 Nf6 6. Bf4 Nc6 7. Qe3+ Be7 8. Nc3 d6 9. Nd4 Nxd4 10. Qxd4 Be6 11. e4 Rg8 12. O-O-O Nd7 13. Nd5 Bg5 14. Bxg5 hxg5 15. Bc4 a6 16. Ne3 Nc5 17. Bxe6 Nxe6 18. Qc4 Qd7 19. Nd5 Rg6 20. h4 g4 21. h5 Rh6 22. Rh4 b5 23. Qc3 b4 24. Qe3 Qd8 25. Qxh6 Qxh4 26. Qh8+ Kd7 27. Qxa8 Qxf2 28. Qxa6 Qxg2 29. Qb5+ Kd8 30. Nf6 Ke7 31. Rf1 Nd4 32. Qe8# 1-0


[Site "https://www.chess.com"]

[Event "Titled Tuesday Blitz August 22 Late 2023"]
[White "angelgab3"]
[Black "Batsuren, Dambasuren"]
[BlackFideId "4902920"]
[WhiteElo "2559"]
[BlackElo "2781"]
[Result "0-1"]
[Round "4"]
[TimeControl "180+1"]
[Date "2023.08.22"]
[WhiteClock "0:00:14"]
[BlackClock "0:00:11"]
[Board "54"]

1. e4 c6 2. d4 d5 3. e5 Bf5 4. Nd2 e6 5. Nb3 Nd7 6. Nf3 h6 7. Be2 Ne7 8. O-O Qc7 9. Bd2 g5 10. a4 Bg7 11. Bb4 Ng6 12. Re1 Bf8 13. Bxf8 Ngxf8 14. Rc1 Ng6 15. c4 dxc4 16. Bxc4 Nf4 17. a5 a6 18. g3 Nh3+ 19. Kg2 h5 20. d5 exd5 21. Bxd5 h4 22. e6 Nf6 23. exf7+ Kf8 24. Be6 Bxe6 25. Rxe6 Kxf7 26. Nc5 Rad8 27. Qc2 Rd5 28. Rce1 Rh6 29. Re7+ Qxe7 30. Rxe7+ Kxe7 31. Nxb7 hxg3 32. hxg3 g4 33. Nd2 Rhh5 34. Qxc6 Rxd2 35. Qc7+ Nd7 36. Qd8+ Kf7 37. Nc5 Rxc5 0-1


[Site "https://www.chess.com"]

[Event "Titled Tuesday Blitz August 22 Late 2023"]
[White "Kushko, Dmitriy"]
[Black "Trifan, Andrei Ioan"]
[WhiteFideId "14162261"]
[BlackFideId "12967068"]
[WhiteElo "2758"]
[BlackElo "2556"]
[Result "1-0"]
[Round "4"]
[TimeControl "180+1"]
[Date "2023.08.22"]
[WhiteClock "0:00:14"]
[BlackClock "0:00:00"]
[Board "55"]

1. Nf3 Nf6 2. g3 b6 3. Bg2 Bb7 4. c4 e6 5. Nc3 Be7 6. O-O O-O 7. Re1 Ne4 8. Nxe4 Bxe4 9. d3 Bb7 10. e4 d5 11. exd5 exd5 12. Ne5 Nd7 13. d4 Nxe5 14. dxe5 c6 15. cxd5 cxd5 16. Be3 Qd7 17. Bd4 Rac8 18. Qd3 Qe6 19. Rac1 Rc4 20. b3 Rxc1 21. Rxc1 Rc8 22. Rc2 h6 23. h4 Bc5 24. Qe3 Bxd4 25. Rxc8+ Qxc8 26. Qxd4 Qc1+ 27. Kh2 Qc5 28. Qxc5 bxc5 29. g4 Kf8 30. Kg3 Ke7 31. g5 hxg5 32. hxg5 Ke6 33. f4 Ba6 34. Bh3+ Ke7 35. f5 Bd3 36. f6+ gxf6 37. gxf6+ Kf8 38. e6 fxe6 39. Bxe6 Bb1 40. Bxd5 Bxa2 41. Kf4 a5 42. Ke5 Bb1 43. Kd6 Bc2 44. Kxc5 Bd3 45. Kb6 a4 46. bxa4 Ke8 47. a5 Kd7 48. a6 Bxa6 49. Kxa6 Kd6 50. Bb3 1-0


[Site "https://www.chess.com"]